Map: El Dorado

Players

Spirit (souL)

  • Race: Terran Terran
  • League: Master
  • Spawn Location: 5:00

Geralt (Gerald) - Winner!

  • Race: Protoss Protoss
  • League: Grandmaster
  • Spawn Location: 7:00

Event: HomeStory Cup XXVI

VOD

Have the link to the VOD?

Description

Time

  • Played on: Nov. 29, 2024, 12:54 p.m.
  • Length: 18:01

All games in this series

Show
View Real Time Build Order
Export as new Build Order

Spirit Terran 

Build Orders:  

Get SALT Encoding   

  12  0:00  SCV  
  13  0:12  SCV  
  14  0:17  Supply Depot  
  14  0:24  SCV  
  15  0:39  SCV  
  15  0:40  Barracks  
  16  0:44  Refinery  
  16  0:51  SCV  
  17  1:03  SCV  
  18  1:15  SCV  
  19  1:27  Orbital Command, Marine  
  20  1:49  Command Center  
  20  1:53  SCV  
  21  1:56  Factory  
  21  2:04  Barracks Reactor  
  21  2:05  SCV  
  21  2:08  Refinery  
  22  2:15  Supply Depot  
  22  2:17  SCV  
  23  2:37  SCV  
  23  2:40  Factory Tech Lab  
  23  2:41  Marine x2  
  23  2:43  Starport  
  26  2:49  SCV  
  27  3:00  Cyclone  
  27  3:01  Orbital Command  
  27  3:02  SCV  
  31  3:05  Marine  
  31  3:06  Marine  
  33  3:14  SCV  
  34  3:27  SCV x2  
  36  3:29  Supply Depot  
  36  3:31  Marine  
  36  3:32  Marine, Cyclone  
  41  3:38  Medivac  
  41  3:40  SCV  
  44  3:47  SCV  
  45  3:49  Marine  
  45  3:53  SCV  
  47  3:56  Supply Depot  
  47  3:59  SCV, Marine  
  49  4:06  SCV, Barracks  
  49  4:07  Marine  
  49  4:09  Liberator  
  54  4:17  Marine  
  54  4:18  SCV  
  54  4:19  Supply Depot  
  54  4:20  SCV  
  57  4:24  Marine  
  57  4:30  SCV  
  59  4:32  SCV  
  59  4:34  Engineering Bay  
  59  4:35  Marine  
  58  4:42  SCV, Marine  
  58  4:44  SCV  
  59  4:49  Siege Tank  
  62  4:53  Marine  
  62  4:54  SCV  
  62  4:56  SCV  
  66  5:00  Marine  
  66  5:06  SCV  
  66  5:11  Marine  
  66  5:13  Barracks Tech Lab  
  65  5:16  Barracks  
  65  5:20  Bunker  
  65  5:21  Siege Tank, Refinery x2  
  68  5:22  Marine, Missile Turret  
  68  5:25  Supply Depot  
  68  5:26  Terran Infantry Weapons Level 1  
  69  5:29  Marine  
  69  5:32  Supply Depot  
  70  5:36  Stimpack  
  70  5:43  SCV  
  70  5:45  SCV  
  70  5:46  Marine x2  
  70  5:47  Marine  
  71  5:56  SCV  
  70  5:57  SCV  
  70  5:58  Starport Reactor  
  70  6:02  Missile Turret  
  70  6:04  Marine x2  
  69  6:07  Marine  
  69  6:08  SCV  
  69  6:09  SCV  
  66  6:20  SCV  
  66  6:21  SCV, Marine  
  66  6:22  Marine  
  68  6:25  Marine  
  68  6:27  Barracks Tech Lab  
  68  6:32  SCV  
  69  6:33  SCV  
  69  6:34  Medivac  
  69  6:37  Refinery  
  69  6:39  Marine  
  73  6:42  Supply Depot  
  73  6:43  Marine  
  73  6:44  SCV  
  73  6:45  SCV  
  73  6:46  Combat Shield  
  73  6:47  Marine  
  77  6:56  SCV, Marine  
  77  6:57  SCV  
  79  7:02  Marine  
  79  7:04  Marine  
  79  7:06  Supply Depot  
  79  7:08  SCV, Marine  
  79  7:10  SCV  
  79  7:14  Marauder  
  81  7:19  Medivac x2  
  81  7:20  Marine  
  81  7:21  Marine  
  84  7:25  Marine  
  84  7:29  SCV  
  83  7:34  SCV  
  83  7:36  Marauder  
  82  7:38  Marine  
  82  7:39  Marine  
  82  7:43  Marine  
  77  7:46  SCV  
  77  7:50  Medivac x2  
  75  7:56  Command Center, Terran Infantry Armor Level 1  
  75  7:59  Marauder  
  75  8:00  Marine  
  75  8:05  Concussive Shells, SCV  
  78  8:09  Marauder  
  78  8:11  Marine  
  80  8:14  SCV  
  80  8:17  SCV  
  83  8:20  Medivac  
  83  8:27  SCV  
  84  8:29  Marine, Marauder  
  84  8:30  Barracks  
  84  8:31  Barracks, Factory Reactor  
  84  8:32  Marine, Marauder  
  90  8:39  SCV  
  90  8:41  SCV  
  91  8:42  Supply Depot x2  
  90  8:51  SCV  
  90  8:52  Marine  
  92  8:56  Marine  
  92  8:57  Marauder  
  92  8:58  Medivac  
  92  9:01  Medivac  
  92  9:02  SCV  
  100  9:09  Widow Mine x2  
  104  9:10  SCV  
  104  9:11  Supply Depot  
  104  9:12  Ghost Academy  
  104  9:14  SCV  
  106  9:22  SCV  
  107  9:24  Marine  
  107  9:25  Marauder  
  107  9:26  SCV, Barracks Reactor  
  107  9:29  Missile Turret  
  107  9:31  Widow Mine x2  
  115  9:34  SCV  
  115  9:38  SCV  
  116  9:42  Ghost, Missile Turret  
  116  9:43  Ghost  
  116  9:44  Sensor Tower  
  122  9:47  SCV  
  122  9:50  SCV  
  122  9:52  Widow Mine  
  126  9:53  Orbital Command  
  126  9:57  Ghost  
  126  9:59  SCV  
  130  10:03  Armory  
  130  10:11  Ghost x2  
  136  10:16  Refinery  
  136  10:17  Supply Depot, Refinery  
  136  10:22  Marine  
  136  10:26  Ghost  
  136  10:28  Marine x2  
  135  10:36  SCV  
  135  10:37  SCV  
  135  10:39  Ghost  
  135  10:40  Marauder  
  128  10:44  Marine  
  128  10:46  Widow Mine x2  
  133  10:53  Terran Infantry Weapons Level 2  
  133  10:54  SCV x2  
  133  10:55  SCV, Marauder  
  133  10:56  Command Center  
  138  10:57  Marine  
  138  11:02  Marauder  
  138  11:03  Marine  
  142  11:06  SCV  
  142  11:08  Marine  
  142  11:09  Marauder  
  142  11:10  Marine  
  146  11:11  SCV  
  146  11:15  Marine  
  148  11:21  Marine  
  149  11:29  SCV  
  149  11:31  Supply Depot x2  
  149  11:32  Supply Depot  
  149  11:33  Marauder x2, Viking x2  
  157  11:41  Sensor Tower  
  157  11:43  Marine  
  157  11:44  Marine x3  
  157  11:46  Marauder  
  155  11:54  SCV x2  
  153  11:55  Marauder x2  
  153  12:00  Marine  
  156  12:02  Marine x3  
  156  12:03  Medivac x2  
  156  12:05  SCV  
  156  12:06  Ghost  
  156  12:08  Engineering Bay  
  165  12:16  Marine, Marauder  
  165  12:18  Marine  
  165  12:19  Planetary Fortress  
  165  12:20  Marine x3  
  165  12:22  SCV  
  172  12:29  SCV x2  
  165  12:32  Missile Turret  
  165  12:34  SCV, Marauder  
  165  12:36  Marine, Marauder  
  165  12:37  Terran Infantry Armor Level 2  
  170  12:38  Marine, Marauder  
  170  12:41  SCV  
  170  12:43  Marine  
  175  12:49  SCV  
  175  12:50  Marine  
  177  12:53  Supply Depot  
  177  12:54  Marine  
  177  12:57  Marauder, Medivac  
  177  12:58  Medivac  
  186  12:59  Marauder  
  186  13:04  Marine  
  186  13:05  Marine  
  185  13:08  Marine  
  185  13:11  Terran Infantry Weapons Level 3  
  185  13:12  Marine  
  181  13:13  Barracks Tech Lab  
  181  13:18  Marauder  
  181  13:20  Marauder  
  181  13:21  Command Center  
  181  13:28  Terran Ship Weapons Level 1  
  181  13:31  Barracks  
  181  13:32  Barracks x2  
  181  13:42  Marine  
  181  13:43  Fusion Core, Starport, Marauder x2  
  181  13:45  Marine  
  187  13:51  Refinery  
  187  13:52  Sensor Tower  
  187  13:53  Marine, Marauder  
  190  13:58  Marine  
  190  14:01  Personal Cloaking  
  191  14:04  Marauder  
  191  14:06  Marine  
  191  14:07  Marauder  
  196  14:12  Marine  
  196  14:15  Marine  
  196  14:17  Marine  
  196  14:18  Marauder  
  196  14:24  SCV x4  
  189  14:35  Ghost  
  189  14:36  SCV x4, Marauder  
  193  14:46  Missile Turret  
  193  14:48  SCV x4  
  193  14:49  Barracks Tech Lab  
  193  14:51  Barracks Tech Lab  
  192  14:55  Terran Infantry Armor Level 3  
  192  14:56  Marauder  
  192  15:00  SCV x3  
  192  15:02  SCV  
  193  15:09  Marine x3, Marauder x2  
  193  15:12  Missile Turret  
  200  15:26  Marine  
  200  15:27  Planetary Fortress, Marauder  
  183  15:29  Marine  
  183  15:30  SCV, Marine  
  158  15:36  Marine, Marauder  
  158  15:37  Marine, Marauder x3  
  158  15:39  Medivac x2  
  159  15:44  Marine  
  159  15:47  Marine  
  159  15:48  Marine  
  159  15:54  Marine  
  159  15:55  Marine  
  143  15:57  Marine  
  143  15:58  Marauder x3  
  143  15:59  Ghost  
  143  16:01  Widow Mine x2  
  143  16:02  Marine  
  156  16:04  Marine  
  156  16:06  Marine  
  156  16:09  Medivac x2  
  162  16:12  Marine  
  162  16:13  Marine  
  162  16:15  Ghost  
  157  16:18  Ghost x2  
  157  16:19  Marauder  
  157  16:20  Marine  
  157  16:22  Marine  
  157  16:24  SCV, Marine  
  149  16:27  SCV  
  149  16:28  Marauder  
  149  16:30  Marine  
  149  16:31  Marine  
  143  16:34  SCV  
  143  16:35  SCV  
  143  16:38  SCV  
  143  16:39  Medivac  
  140  16:40  Marine x2  
  140  16:43  Marine  
  138  16:47  Marine  
  138  16:50  Marine, Marauder  
  136  16:56  Marine  
  136  16:57  Marauder  
  136  17:01  Marauder  
  136  17:05  Marauder  
  136  17:07  Marine  
  138  17:10  Marauder  
  138  17:12  Marine  
  138  17:13  Marine  
  138  17:14  Marine  
  117  17:17  Marine  
  117  17:22  Marine  
  113  17:23  Marauder  
  113  17:26  Marine  
  111  17:30  Marine  
  112  17:37  Marauder  
  112  17:39  Marine  
  112  17:43  Marine  
Show
View Real Time Build Order
Export as new Build Order

Geralt Protoss - Winner!

Build Orders: 1 Gate Expand, Blink Stalkers, Dark Templar Rush 

Get SALT Encoding   

  12  0:00  Probe  
  13  0:12  Probe  
  14  0:18  Pylon  
  14  0:25  Probe  
  15  0:33  Probe  
  15  0:37  Gateway  
  16  0:43  Probe  
  16  0:44  Assimilator  
  17  0:54  Probe  
  18  1:07  Probe  
  19  1:19  Probe  
  20  1:26  Cybernetics Core  
  20  1:31  Probe  
  21  1:37  Nexus  
  21  1:43  Probe  
  22  1:48  Pylon  
  21  1:55  Probe  
  21  1:56  Assimilator  
  22  2:05  Warp Gate, Probe  
  22  2:06  Adept  
  24  2:13  Probe  
  26  2:26  Twilight Council  
  26  2:27  Probe  
  27  2:33  Stalker  
  29  2:39  Probe  
  30  2:48  Pylon  
  30  2:51  Probe  
  30  2:54  Probe  
  32  2:59  Probe  
  33  3:06  Dark Shrine  
  33  3:07  Probe x2  
  35  3:19  Probe  
  36  3:21  Probe  
  37  3:27  Gateway, Stalker  
  37  3:31  Blink, Probe  
  40  3:35  Probe  
  41  3:43  Probe  
  41  3:46  Assimilator  
  41  3:47  Probe  
  41  3:54  Stalker  
  41  3:58  Probe  
  44  4:03  Shield Battery  
  44  4:04  Probe  
  44  4:05  Pylon  
  45  4:10  Probe  
  45  4:12  Gateway  
  45  4:16  Probe  
  47  4:22  Probe  
  47  4:24  Stalker  
  47  4:28  Probe  
  50  4:34  Probe  
  51  4:42  Stalker  
  48  4:47  Stalker  
  48  4:55  Probe  
  47  5:02  Probe  
  42  5:09  Stalker x2, Probe  
  42  5:12  Probe  
  43  5:17  Dark Templar  
  43  5:19  Probe  
  43  5:20  Probe  
  48  5:30  Probe  
  48  5:31  Probe  
  48  5:34  Dark Templar  
  52  5:38  Nexus  
  52  5:42  Stalker, Probe  
  55  5:43  Probe  
  56  5:54  Probe  
  56  5:55  Probe  
  56  5:57  Stalker  
  56  6:06  Probe  
  56  6:07  Probe  
  58  6:18  Probe  
  57  6:19  Stalker, Probe  
  57  6:23  Charge  
  58  6:29  Templar Archives  
  58  6:30  Probe  
  58  6:31  Sentry  
  58  6:32  Probe  
  62  6:39  Pylon  
  62  6:47  Shield Battery  
  62  6:48  Pylon  
  62  6:49  Probe  
  62  6:50  Probe, Dark Templar  
  62  6:52  Stalker  
  66  7:07  Dark Templar  
  67  7:13  Probe  
  65  7:24  Probe  
  65  7:25  Stalker x2  
  65  7:27  Pylon  
  66  7:44  Nexus  
  66  7:45  Probe  
  66  7:50  Probe, Pylon  
  68  7:53  Gateway x2  
  68  7:56  Gateway  
  68  7:58  Gateway, Psionic Storm  
  68  8:00  Gateway  
  68  8:05  Zealot x3  
  74  8:06  Probe  
  74  8:08  Probe  
  74  8:18  Probe  
  75  8:20  Probe  
  76  8:34  Zealot x2, High Templar  
  78  8:35  Probe  
  83  8:43  Probe  
  83  8:44  Pylon  
  80  8:49  Zealot, High Templar  
  80  8:52  Probe  
  80  8:55  Probe  
  82  9:01  Probe  
  83  9:04  Probe  
  83  9:05  Stalker x3  
  83  9:08  Probe  
  87  9:11  Assimilator  
  87  9:12  Zealot x3  
  87  9:14  Shield Battery  
  93  9:20  Nexus  
  93  9:21  Pylon  
  93  9:23  Zealot, High Templar  
  97  9:27  Shield Battery, Probe  
  97  9:29  Pylon  
  98  9:35  Forge  
  96  9:39  Pylon  
  96  9:42  Probe  
  93  9:48  Probe  
  93  9:52  Zealot x3, High Templar  
  102  9:55  Probe  
  102  9:59  Nexus, Pylon  
  103  10:00  Probe  
  103  10:01  Pylon  
  103  10:06  Robotics Facility  
  103  10:11  Zealot x4  
  111  10:17  Stalker x2  
  115  10:26  Zealot x2  
  114  10:38  High Templar  
  114  10:39  Zealot x3  
  114  10:40  Probe  
  114  10:41  Protoss Ground Armor Level 1  
  117  10:43  Warp Prism  
  117  10:47  Stalker x4  
  122  10:56  Probe  
  124  10:58  Nexus  
  124  11:00  Pylon  
  124  11:02  Zealot, Dark Templar  
  128  11:04  Zealot  
  128  11:07  Pylon, Probe x2  
  132  11:17  Zealot x5, High Templar  
  141  11:19  Shield Battery  
  141  11:21  Pylon  
  141  11:25  Probe  
  141  11:27  Dark Templar  
  141  11:30  Probe  
  141  11:31  Probe  
  146  11:38  Warp Prism  
  148  11:43  Pylon  
  146  11:53  Zealot x2  
  146  11:54  Zealot x5  
  158  11:59  Probe  
  159  12:10  Zealot  
  159  12:14  Zealot  
  159  12:15  Zealot x6  
  161  12:17  Probe  
  161  12:18  Probe x2  
  160  12:29  Gateway  
  150  12:30  Gateway  
  150  12:33  Gateway  
  150  12:35  Gateway, High Templar  
  150  12:36  Zealot x7  
  150  12:37  Robotics Bay  
  158  12:40  Assimilator  
  158  12:47  Photon Cannon  
  158  12:48  Shield Battery  
  158  12:54  Assimilator  
  158  12:57  Zealot x7  
  172  13:04  Protoss Ground Weapons Level 1  
  170  13:06  Immortal  
  172  13:13  Probe  
  173  13:23  Probe  
  174  13:29  Robotics Facility  
  174  13:32  Forge  
  174  13:35  Gateway, Probe  
  174  13:37  Gateway  
  174  13:38  Disruptor, Gateway  
  174  13:39  Pylon  
  179  13:50  Nexus  
  179  13:51  Pylon  
  179  13:54  Photon Cannon  
  179  13:55  Pylon, Photon Cannon  
  179  13:56  Shield Battery, Pylon  
  179  13:57  Pylon  
  179  13:59  Pylon  
  179  14:02  Robotics Facility  
  179  14:03  Robotics Facility  
  179  14:10  Zealot x8  
  185  14:19  Stalker x3  
  185  14:20  Protoss Ground Armor Level 2  
  189  14:31  Gravitic Boosters  
  181  14:32  Disruptor  
  165  14:52  Stalker x11  
  183  15:04  Disruptor x2, Pylon  
  191  15:12  Probe  
  190  15:28  Zealot x9, Gravitic Drive  
  186  15:29  Zealot  
  172  15:40  Stalker x4  
  172  15:42  Disruptor  
  180  15:45  Disruptor  
  174  15:59  Assimilator  
  174  16:01  Zealot x10  
  194  16:07  Pylon  
  194  16:08  Nexus  
  186  16:36  Zealot x9  
  200  16:44  Photon Cannon  
  200  16:45  Photon Cannon  
  200  16:46  Shield Battery  
  200  16:47  Shield Battery  
  184  16:58  Zealot x12  
  178  17:17  Disruptor  
  174  17:26  Stalker x4  
  174  17:27  Zealot x9  
  140  17:55  Stalker x9  
  140  17:56  Stalker x3  
Tags
 
Add a new tag
Caveats
  • Supply blocks, unpowered buildings, or Contaminate may cause inaccurate times.
  • Supply counts are checked every 10 seconds.